 Dungeon Crawl Stone Soup version 0.31-a0-1074-g0b22e4e0f1 (webtiles) character file.

Game seed: 10388604792820085551

137 Strat the Trooper (level 5, -3/48 HPs)
             Began as a Hill Orc Gladiator on Dec 1, 2023.
             Slain by Natasha (5 damage)
             ... on level 2 of the Dungeon.
             The game lasted 00:05:55 (2019 turns).

Strat the Trooper (Hill Orc Gladiator)              Turns: 2019, Time: 00:05:57

Health: -3/48      AC:  4    Str: 18    XL:     5   Next: 20%
Magic:  5/5        EV: 12    Int:  7    God:
Gold:   52         SH:  0    Dex: 16    Spells: 4/4 levels left

rFire   . . .        a - +0 flail
rCold   . . .        (no shield)
rNeg    . . .        b - +0 leather armour
rPois   .            c - +0 helmet
rElec   .            (no cloak)
rCorr   .            (no gloves)
SInv    .            (no boots)
Will    .....        (no amulet)
Stlth   +            (no ring)
HPRegen 0.28/turn    (no ring)
MPRegen 0.09/turn

%: no passive effects
@: no status effects
A: agile 1, deterioration 1
a: no special abilities


You were on level 2 of the Dungeon.
You visited 1 branch of the dungeon, and saw 3 of its levels.

You collected 52 gold pieces.

Inventory:

Hand Weapons
 a - a +0 flail (weapon)
Missiles
 d - 3 throwing nets (quivered)
 e - a javelin
Armour
 b - a +0 leather armour (worn)
 c - a +0 helmet (worn)
Wands
 g - a wand of mindburst (19)
 m - a wand of polymorph (8)
Scrolls
 h - 2 scrolls of fog {unknown}
 i - a scroll of vulnerability {unknown}
 j - a scroll of noise {unknown}
 l - a scroll of teleportation
Potions
 f - a potion of cancellation


   Skills:
 + Level 5.1 Fighting
 - Level 3.2 Maces & Flails
 - Level 1.7 Throwing
 - Level 3.0 Armour
 - Level 2.4 Dodging
 + Level 0.4 Evocations


You had 4 spell levels left.
You didn't know any spells.
Your spell library contained the following spells:

 Spells                   Type           Power      Damage    Failure   Level
 Apportation              Tloc           0%         N/A       50%         1
 Necrotise                Necr           0%         1d4       50%         1
 Summon Small Mammal      Summ           0%         N/A       50%         1


Dungeon Overview and Level Annotations

Branches:
Dungeon (3/15)

Altars:
Fedhas
Uskayaw
Xom

Annotations:
D:2 Natasha
D:3 Ijyb, Sigmund


Innate Abilities, Weirdness & Mutations

You are agile. (Dex +4, Str/Int -1)
Your body sometimes deteriorates upon taking damage.


Message History

Natasha claws you.
* * * LOW HITPOINT WARNING * * *
The cerulean imp barely misses you.
The cerulean imp hits you from afar with a +0 spear.
* * * LOW HITPOINT WARNING * * *
You closely miss Natasha.
Natasha is severely wounded.
The cerulean imp closely misses you. Natasha claws you but does no damage.
The cerulean imp hits you from afar with a +0 spear.
* * * LOW HITPOINT WARNING * * *
You barely miss Natasha.
Natasha is severely wounded.
The cerulean imp barely misses you. Natasha claws you.
* * * LOW HITPOINT WARNING * * *
The cerulean imp hits you from afar with a +0 spear.
* * * LOW HITPOINT WARNING * * *
Unknown command.
You hit Natasha but do no damage.
Natasha is severely wounded.
The cerulean imp closely misses you. Natasha claws you!
* * * LOW HITPOINT WARNING * * *
The cerulean imp misses you.
You closely miss Natasha.
Natasha is severely wounded.
Natasha claws you!
* * * LOW HITPOINT WARNING * * *
The cerulean imp closely misses you. x2
Natasha stares at you and mumbles some strange words.
You resist with some effort.
The cerulean imp hits you but does no damage.
The cerulean imp hits you from afar with a +0 spear.
* * * LOW HITPOINT WARNING * * *
It was a potion of mutation.
You feel extremely strange.
You feel yourself wasting away.
You feel agile.
The cerulean imp hits you but does no damage.
The cerulean imp hits you from afar with a +0 spear.
* * * LOW HITPOINT WARNING * * *
Natasha claws you.
You die...
Natasha curls up and begins to purr.

#...............#
#...............##.......
#................##......
#........................
#.............##........
#...........###......h.
####h#.###### #........
#########.#5.### #.......
#.........#@...#### #......
#........5h.##....####......
#.........#.#####...##.#...#
#.........#.# ###....###.#
#.........#.# ###......#
#.........#.# #..##...
#)........#.# ##.###.#.
#.........#.# #..# #..#
#......)..#.# #.## ##..


You could see Natasha and 2 cerulean imps.

Vanquished Creatures
  Jessica (D:2)
  Robin (D:2)
  4 adders
  2 dart slugs (D:1)
  A ball python (D:1)
  3 endoplasms
  3 giant cockroaches
  4 hobgoblins
  2 jackals (D:1)
  2 quokkas
  6 bats
  A frilled lizard (D:1)
  16 goblins
  5 kobolds
  7 rats (D:1)
58 creatures vanquished.

Notes
Turn   | Place    | Note
-------+----------+-------------------------------------------
     0 | D:1      | Strat the Hill Orc Gladiator began the quest for the Orb.
     0 | D:1      | Reached XP level 1. HP: 18/18 MP: 1/1
    88 | D:1      | Reached skill level 3 in Fighting
    88 | D:1      | Reached XP level 2. HP: 26/26 MP: 2/2
   126 | D:1      | Reached skill level 1 in Armour
   545 | D:1      | Reached XP level 3. HP: 31/31 MP: 3/3
   618 | D:1      | Found a faded altar of an unknown god.
   781 | D:2      | Noticed Natasha
   816 | D:2      | Reached skill level 4 in Fighting
   920 | D:2      | Reached XP level 4. HP: 41/41 MP: 4/4
   987 | D:2      | Noticed Jessica
  1158 | D:2      | Noticed Robin
  1180 | D:3      | HP: 1/41 [poisoned by a goblin]
  1376 | D:3      | Found a hide-covered altar of Uskayaw.
  1588 | D:3      | Noticed Ijyb
  1640 | D:3      | Found a shimmering altar of Xom.
  1661 | D:3      | Found a blossoming altar of Fedhas.
  1727 | D:3      | Noticed Sigmund
  1804 | D:2      | Killed Jessica
  1805 | D:2      | Reached skill level 5 in Fighting
  1805 | D:2      | Reached XP level 5. HP: 48/48 MP: 5/5
  1960 | D:2      | Killed Robin
  2019 | D:2      | Gained mutation: Your body sometimes deteriorates upon
                  | taking damage. [potion of mutation]
  2019 | D:2      | Gained mutation: You are agile. (Dex +4, Str/Int -1)
                  | [potion of mutation]
  2019 | D:2      | HP: 2/48 [cerulean imp/+0 spear[Natasha] (1)]
  2019 | D:2      | Slain by Natasha

Illustrated notes

Levels and vault maps discovered:
D:1:      onia_arrival_handbag, layout_rooms, ebering_ecumenical_altar_box,
          serial_curves, eino_curves_04, eino_curves_02, minivault_25
D:2:      layout_rooms, uniq_natasha, uniq_robin, uniq_jessica,
          uniq_crazy_yiuf_cottage
D:3:      kennysheep_the_goblin_king, layout_loops_ring, lemuel_doored_altar,
          nicolae_overflow_squiral, uniq_sigmund

Skill      XL: |  1  2  3  4 |
---------------+-------------+-----
Fighting       | 3 4 5 |  5.1
Armour         | 1 2 3 |  3.0
Maces & Flails | |  3.2
Throwing       | |  1.7
Dodging        | |  2.4
Evocations     | |  0.4

Action                     |  1- 3 |  4- 6 || total
---------------------------+-------+-------++-------
  Melee: Flail             |   121 |    66 ||   187
         Punch             |     2 |     1 ||     3
         Unarmed           |       |     1 ||     1
  Throw: Stone             |    12 |       ||    12
    Use: Scroll            |       |     3 ||     3
         Potion            |       |     4 ||     4
 Armour: Leather armour    |    75 |    68 ||   143
  Dodge: Dodged            |   106 |    46 ||   152

Table legend: (Time is in decaauts)
 A = Elapsed time spent in this place.
 B = Non-inter-level travel time spent in this place.
 C = Inter-level travel time spent in this place.
 D = Time resting spent in this place.
 E = Time spent auto-exploring this place.
 F = Levels seen in this place.
 G = Mean time per level.
                   A        B        C        D        E       F      G
               +--------+--------+--------+--------+--------+-----+--------+
         Total |   2065 |   2014 |     51 |    247 |    989 |   3 |  688.3 |
       Dungeon |   2065 |   2014 |     51 |    247 |    989 |   3 |  688.3 |
               +--------+--------+--------+--------+--------+-----+--------+

Top non-repeatable levels by time:
     D:1: 835 daAuts
     D:2: 670 daAuts
     D:3: 559 daAuts
